 Dungeon Crawl Stone Soup version 0.28.0-1-gb440e238dd (webtiles) character file.

Game seed: 6987888457400139012

111 PieDemon the Chopper (level 4, 18/42 HPs)
             Began as a Deep Dwarf Fighter on Feb 20, 2022.
             Was a Believer of Lugonu.
             Quit the game on level 3 of the Dungeon.
             The game lasted 00:02:45 (796 turns).

PieDemon the Chopper (Deep Dwarf Fighter)            Turns: 796, Time: 00:02:46

Health: 18/42      AC:  7    Str: 21    XL:     4   Next: 62%
Magic:  4/4        EV: 13    Int:  9    God:    Lugonu [**....]
Gold:   62         SH:  4    Dex: 12    Spells: 3/3 levels left

rFire   . . .      SeeInvis .   a - +0 war axe
rCold   . . .      Faith    .   c - +0 buckler
rNeg    . . .      Spirit   .   b - +0 scale mail
rPois   .          Reflect  .   (no helmet)
rElec   .          Harm     .   (no cloak)
rCorr   .          Rampage  .   (no gloves)
Will    .....                   (no boots)
Stlth   ..........              (no amulet)
HPRegen 0.00/turn               g - +4 ring of evasion
MPRegen 0.09/turn               (no ring)

@: no status effects
A: damage resistance, heal wounds, sense surroundings 1, no regeneration
a: Heal Wounds, Renounce Religion, Depart the Abyss, Bend Space


You were on level 3 of the Dungeon.
You worshipped Lugonu.
Lugonu was pleased with you.
You visited 1 branch of the dungeon, and saw 3 of its levels.

You collected 62 gold pieces.

Inventory:

Hand Weapons
 a - a +0 war axe (weapon)
Missiles
 i - 6 poisoned darts
Armour
 b - a +0 scale mail (worn)
 c - a +0 buckler (worn)
 j - a +0 leather armour of fire resistance
Jewellery
 g - a +4 ring of evasion (left hand)
Scrolls
 e - a scroll of torment {unknown}
Potions
 d - a potion of might
 f - a potion of flight {unknown}
 h - a potion of resistance {unknown}


   Skills:
 + Level 3.1 Fighting
 * Level 4.5 Axes
 + Level 3.7 Armour
 + Level 0.1 Dodging
 + Level 3.5 Shields


You had 3 spell levels left.
You didn't know any spells.
Your spell library contained the following spells:

 Spells                   Type           Power      Damage    Failure   Level
 Portal Projectile        Hex/Tloc       0%         N/A       99%         3
 Blade Hands              Tmut           0%         N/A       100%        5
 Excruciating Wounds      Necr           0%         N/A       100%        5


Dungeon Overview and Level Annotations

Branches:
Dungeon (3/15)

Altars:
Lugonu

Annotations:
D:1 exclusion: downstairs


Innate Abilities, Weirdness & Mutations

You are resistant to damage.
You can heal yourself by infusing magical energy.
You passively map a small area around you.
You do not regenerate.


Message History

You hit the kobold.
You kill the kobold!
Things that are here:
a +0 short sword; 5 stones; a kobold corpse You closely miss the orc.
The orc hits you with a +0 hand axe. The orc closely misses you.
You closely miss the orc. The orc hits you with a +0 hand axe.
You barely miss the orc. The orc misses you.
You completely miss the orc. The orc barely misses you.
The orc hits you but does no damage.
You barely miss the orc. The orc hits you with a +0 hand axe.
You closely miss the orc. The orc closely misses you.
The orc hits you but does no damage.
You closely miss the orc. The orc closely misses you.
A rat comes into view.
You closely miss the orc. You block the orc's attack.
You slash the orc!
You kill the orc!
A hobgoblin comes into view.
There is a faded altar of an unknown god here.
You hit the rat.
The rat is heavily wounded.
The rat barely misses you. The rat bites you but does no damage.
You barely miss the rat.
The rat is heavily wounded.
You barely miss the hobgoblin. The hobgoblin misses you.
The rat bites you but does no damage.
You slash the hobgoblin!
You kill the hobgoblin!
You barely miss the rat. The rat bites you but does no damage.
You barely miss the rat.
The rat is heavily wounded.
The rat barely misses you. You block the rat's attack.
You hit the rat.
You kill the rat!
You cannot tell which god this altar belongs to.
Convert to them anyway?
Lugonu accepts your prayer! Lugonu welcomes you!
You can now depart the Abyss.
You can now bend space around yourself.
Are you sure you want to abandon this character and quit the game? (Confirm with "yes".)

, * * , .# * ,
..####* , , ,.....
, ,###.$.### ##.
#.#G#...#G#.#.# *
#.###...###..##* *
#....††.......#
#.....@.....#*
#.......)...#* *
#.###..)###.# ,
,#G#...#G#.# * *
..###...###.# ,#
#...........# .# *
#######..##.#####.#
* ##....).....#
########.###


You could see a shining eye, an eye of devastation and 2 golden eyes.

Vanquished Creatures
  Natasha (D:2)
  An orc wizard (D:3)
  An adder (D:2)
  3 dart slugs (D:1)
  5 orcs (D:3)
  5 bats
  3 endoplasms
  5 goblins
  7 hobgoblins
  A quokka (D:1)
  3 ball pythons (D:1)
  A frilled lizard (D:1)
  2 kobolds
  3 rats
41 creatures vanquished.

Vanquished Creatures (others)
  3 plants (D:2)
3 creatures vanquished.

Grand Total: 44 creatures vanquished

Notes
Turn   | Place    | Note
-------+----------+-------------------------------------------
     0 | D:1      | PieDemon the Deep Dwarf Fighter began the quest for the
                  | Orb.
     0 | D:1      | Reached XP level 1. HP: 20/20 MP: 1/1
   129 | D:1      | Reached XP level 2. HP: 27/27 MP: 2/2
   248 | D:1      | Reached skill level 3 in Axes
   438 | D:2      | Reached XP level 3. HP: 17/33 MP: 3/3
   545 | D:2      | Noticed Natasha
   551 | D:2      | Killed Natasha
   552 | D:2      | Reached XP level 4. HP: 20/42 MP: 4/4
   751 | D:3      | Reached skill level 4 in Axes
   767 | D:3      | Noticed a golden eye
   769 | D:3      | Found a faded altar of an unknown god.
   771 | D:3      | Noticed a shining eye
   771 | D:3      | Noticed an eye of devastation
   771 | D:3      | Noticed a golden eye
   795 | D:3      | Prayed at the altar of an unknown god.
   795 | D:3      | Became a worshipper of Lugonu the Unformed
   795 | D:3      | Reached * piety under Lugonu
   795 | D:3      | Reached ** piety under Lugonu
   796 | D:3      | Quit the game

Illustrated notes

Levels and vault maps discovered:
D:1:      onia_arrival_pentagram, layout_basic, minmay_misc_feat_columns,
          minmay_misc_feat_tower
D:2:      layout_basic, minmay_shallow_snake_nest, uniq_natasha
D:3:      layout_loops_ring, fedhas_altar_4,
          hellmonk_ecumenical_altar_watching_god, solitary_fountain, uniq_robin,
          uniq_ijyb

Skill      XL: |  1  2  3  4 |
---------------+-------------+-----
Axes           | 3 4 |  4.5
Fighting       | 3 |  3.1
Armour         | |  3.7
Dodging        | |  0.1
Shields        | |  3.5

Action                   |  1- 3 |  4- 6 || total
-------------------------+-------+-------++-------
Melee: War axe           |    53 |    44 ||    97
Armor: Scale mail        |    19 |    19 ||    38
Dodge: Dodged            |    43 |    24 ||    67
Block: Buckler           |    11 |     5 ||    16
